 Dungeon Crawl Stone Soup version 0.29.1-4-g47bece8355 (webtiles) character file.

Game seed: 5135453837528443246

93 CaptainMV the Chopper (level 4, -1/41 HPs)
             Began as a Gnoll Cinder Acolyte on Dec 7, 2022.
             Was a High Priest of Ignis.
             Slain by a black bear (3 damage)
             ... on level 4 of the Dungeon.
             The game lasted 00:19:14 (2083 turns).

CaptainMV the Chopper (Gnoll Cinder Acolyte)        Turns: 2083, Time: 00:19:14

Health: -1/41      AC:  0    Str: 22    XL:     4   Next: 61%
Magic:  8/8        EV: 11    Int: 13    God:    Ignis [*****.]
Gold:   123        SH:  0    Dex:  7    Spells: 7/9 levels left

rFire   + . .      SeeInvis .   a - -1 hand axe (flame)
rCold   . . .      Faith    +   (no shield)
rNeg    . . .      Spirit   .   b - +0 robe
rPois   .          Reflect  .   (no helmet)
rElec   .          Harm     .   (no cloak)
rCorr   .          Rampage  .   p - +0 pair of gloves
Will    .....                   (no boots)
Stlth   +.........              m - amulet of faith
HPRegen 0.13/turn               q - +6 ring of strength
MPRegen 0.11/turn               (no ring)

@: corroded
A: fangs 1, strong nose, distributed training
a: Renounce Religion, Fiery Armour, Foxfire Swarm, Rising Flame


You were on level 4 of the Dungeon.
You worshipped Ignis.
Ignis was extremely pleased with you.
You visited 1 branch of the dungeon, and saw 4 of its levels.

You collected 123 gold pieces.

Inventory:

Hand Weapons
 a - a -1 hand axe of flaming (weapon)
Missiles
 f - 6 poisoned darts
Armour
 b - a +0 robe (worn)
 p - a +0 pair of gloves (worn)
Jewellery
 m - an amulet of faith (around neck)
 q - a +6 ring of strength (left hand)
Scrolls
 c - a scroll of butterflies {unknown}
 e - a scroll of brand weapon {unknown}
 h - a scroll of enchant armour {unknown}
 i - 2 scrolls of blinking {unknown}
 j - 2 scrolls of identify {unknown}
 k - a scroll of summoning {unknown}
 n - 3 scrolls of teleportation {unknown}
 o - 3 scrolls of magic mapping {unknown}
 t - a scroll of fear {unknown}
 u - a scroll of amnesia {unknown}
Potions
 d - 2 potions of brilliance {unknown}
 g - 4 potions of curing {unknown}
 l - a potion of invisibility {unknown}
 r - 2 potions of degeneration {unknown}
 s - a potion of lignification {unknown}
 v - a potion of heal wounds {unknown}
 w - a potion of ambrosia {unknown}


   Skills:
 + Level 6.6 Fighting
 + Level 1.2 Short Blades
 + Level 1.2 Long Blades
 + Level 6.6 Axes
 + Level 1.2 Maces & Flails
 + Level 1.2 Polearms
 + Level 1.2 Staves
 + Level 1.2 Ranged Weapons
 + Level 1.2 Throwing
 + Level 1.2 Armour
 + Level 1.2 Dodging
 + Level 1.2 Stealth
 + Level 1.2 Shields
 + Level 1.2 Unarmed Combat
 + Level 3.0 Spellcasting
 + Level 1.0 Conjurations
 + Level 1.0 Hexes
 + Level 1.0 Summonings
 + Level 1.0 Necromancy
 + Level 1.0 Translocations
 + Level 1.0 Transmutations
 + Level 5.5 Fire Magic
 + Level 1.0 Ice Magic
 + Level 1.0 Air Magic
 + Level 1.0 Earth Magic
 + Level 1.0 Poison Magic
 + Level 1.3 Invocations
 + Level 1.2 Evocations


You had 7 spell levels left.
You knew the following spells:

 Your Spells              Type           Power      Damage    Failure   Level
a - Scorch                Fire           32%        2d6       3%          2

Your spell library contained the following spells:

 Spells                   Type           Power      Damage    Failure   Level
 Gell's Gravitas          Tloc           4%         N/A       41%         3
 Lesser Beckoning         Tloc           4%         N/A       41%         3
 Teleport Other           Tloc           4%         N/A       41%         3


Dungeon Overview and Level Annotations

Branches:
Dungeon (4/15)
 Temple: D:4-7

Altars:


Innate Abilities, Weirdness & Mutations

You have very sharp teeth.
Your uncanny sense of smell can sniff out nearby items.
Your experience applies equally to all skills.


Message History

You hit the iguana. You burn the iguana.
The iguana is almost dead.
You hit the jelly. You burn the jelly.
Your hands burn!
You hit the black bear but do no damage.
The jelly barely misses you. The iguana bites you. The black bear bites you.
The black bear barely misses you. The black bear completely misses you.
You hit the black bear. You burn the black bear.
The black bear is lightly wounded.
You hit the jelly. You burn the jelly.
You kill the jelly!
You hit the iguana but do no damage. The black bear barely misses you.
The black bear claws you. x2
* * * LOW HITPOINT WARNING * * *
The iguana barely misses you.
Your Spellcasting skill increases to level 3!
Your Conjurations skill increases to level 1!
Your Hexes skill increases to level 1!
Your Summonings skill increases to level 1!
Your Necromancy skill increases to level 1!
Your Translocations skill increases to level 1!
Your Transmutations skill increases to level 1!
Your Ice Magic skill increases to level 1!
Your Air Magic skill increases to level 1!
Your Earth Magic skill increases to level 1!
Your Poison Magic skill increases to level 1!
You completely miss the black bear.
You bite the black bear, but do no damage.
The black bear is lightly wounded.
You hit the quokka. You burn the quokka.
You kill the quokka!
You hit the iguana but do no damage. The iguana bites you.
* * * LOW HITPOINT WARNING * * *
The black bear bites you!
* * * LOW HITPOINT WARNING * * *
The black bear barely misses you. The black bear closely misses you.
You hit the black bear. You burn the black bear.
The black bear is moderately wounded.
You hit the endoplasm but do no damage. You hit the iguana but do no damage.
The black bear closely misses you. The black bear claws you.
You die...

## #. #. ##.
#.. ##
#.!#.##
#.....# #.l@#
#
#.###.hJ##.#
#..........#
......#.####
####..#.#
#..#)# #..#.#
.#
######..#.#
.h...r......#


You could see a black bear, an iguana and an endoplasm.

Vanquished Creatures
  A jelly (D:4)
  An adder (D:2)
  2 dart slugs
  2 orcs
  An endoplasm (D:3)
  7 hobgoblins
  3 quokkas
  11 ball pythons
  4 bats
  2 frilled lizards
  7 goblins
  2 kobolds
  3 rats
46 creatures vanquished.

Vanquished Creatures (others)
  4 plants
4 creatures vanquished.

Grand Total: 50 creatures vanquished

Notes
Turn   | Place    | Note
-------+----------+-------------------------------------------
     0 | D:1      | CaptainMV the Gnoll Cinder Acolyte began the quest for the
                  | Orb.
     0 | D:1      | Reached XP level 1. HP: 23/23 MP: 4/4
   286 | D:1      | Reached XP level 2. HP: 29/29 MP: 5/5
   606 | D:1      | Learned a level 2 spell: Scorch
   777 | D:2      | Reached XP level 3. HP: 31/35 MP: 7/7
  1266 | D:2      | Reached skill level 1 in Invocations
  1449 | D:3      | Reached skill level 1 in Short Blades
  1449 | D:3      | Reached skill level 1 in Long Blades
  1449 | D:3      | Reached skill level 1 in Maces & Flails
  1449 | D:3      | Reached skill level 1 in Polearms
  1449 | D:3      | Reached skill level 1 in Staves
  1449 | D:3      | Reached skill level 1 in Ranged Weapons
  1449 | D:3      | Reached skill level 1 in Throwing
  1449 | D:3      | Reached skill level 1 in Armour
  1449 | D:3      | Reached skill level 1 in Dodging
  1449 | D:3      | Reached skill level 1 in Stealth
  1449 | D:3      | Reached skill level 1 in Shields
  1449 | D:3      | Reached skill level 1 in Unarmed Combat
  1449 | D:3      | Reached skill level 1 in Evocations
  1458 | D:3      | Found a faded altar of an unknown god.
  1928 | D:3      | Reached XP level 4. HP: 41/41 MP: 8/8
  2061 | D:4      | Noticed a black bear
  2082 | D:4      | Reached skill level 1 in Conjurations
  2082 | D:4      | Reached skill level 1 in Hexes
  2082 | D:4      | Reached skill level 1 in Summonings
  2082 | D:4      | Reached skill level 1 in Necromancy
  2082 | D:4      | Reached skill level 1 in Translocations
  2082 | D:4      | Reached skill level 1 in Transmutations
  2082 | D:4      | Reached skill level 1 in Ice Magic
  2082 | D:4      | Reached skill level 1 in Air Magic
  2082 | D:4      | Reached skill level 1 in Earth Magic
  2082 | D:4      | Reached skill level 1 in Poison Magic
  2082 | D:4      | HP: 1/41 [black bear (8)]
  2083 | D:4      | Slain by a black bear

Illustrated notes

Levels and vault maps discovered:
D:1:      sevenhm_arrival_forest_fort_small_4, layout_basic
D:2:      cheibrodos_helix_gallery, layout_rooms,
          chequers_serial_rivers_large_a, hex_intersection
D:3:      layout_basic, basic_ecumenical_altar, minivault_4
D:4:      layout_loops_ring, minmay_temple_entry_proselytizer,
          serial_bayou_ford_a, bh_walls_and_bars

Skill      XL: |  1  2  3  4 |
---------------+-------------+-----
Invocations    | 1 |  1.3
Short Blades   | 1 |  1.2
Long Blades    | 1 |  1.2
Maces & Flails | 1 |  1.2
Polearms       | 1 |  1.2
Staves         | 1 |  1.2
Ranged Weapons | 1 |  1.2
Throwing       | 1 |  1.2
Armour         | 1 |  1.2
Dodging        | 1 |  1.2
Stealth        | 1 |  1.2
Shields        | 1 |  1.2
Unarmed Combat | 1 |  1.2
Evocations     | 1 |  1.2
Spellcasting   | 3 |  3.0
Conjurations   | 1 |  1.0
Hexes          | 1 |  1.0
Summonings     | 1 |  1.0
Necromancy     | 1 |  1.0
Translocations | 1 |  1.0
Transmutations | 1 |  1.0
Ice Magic      | 1 |  1.0
Air Magic      | 1 |  1.0
Earth Magic    | 1 |  1.0
Poison Magic   | 1 |  1.0
Fighting       | |  6.6
Axes           | |  6.6
Fire Magic     | |  5.5

Action                   |  1- 3 |  4- 6 || total
-------------------------+-------+-------++-------
Melee: Hand axe          |   104 |    11 ||   115
       Bite              |     6 |     1 ||     7
       Punch             |     1 |       ||     1
Invok: Fiery Armour      |     1 |       ||     1
 Stab: Sleeping          |       |     1 ||     1
Armor: Robe              |    36 |       ||    36
Dodge: Dodged            |    54 |    11 ||    65
